 Dungeon Crawl Stone Soup version 0.32-a0-17-gb74e046682 (webtiles) character file.

Game seed: 9939747695058386671

176 zazu2006 the Chopper (level 5, -3/41 HPs)
             Began as a Gnoll Wanderer on Jan 16, 2024.
             Killed by divine providence
             ... invoked by an orc priest
              (13 damage)
             ... on level 3 of the Dungeon.
             The game lasted 00:05:24 (2152 turns).

zazu2006 the Chopper (Gnoll Wanderer)               Turns: 2152, Time: 00:05:24

Health: -3/41      AC:  4    Str:  8    XL:     5   Next: 56%
Magic:  7/7        EV: 12    Int: 11    God:
Gold:   146        SH:  0    Dex: 17    Spells: 7/7 levels left

rFire   . . .        a - +2 hand axe
rCold   . . .        (no shield)
rNeg    . . .        e - +0 robe
rPois   .            f - +0 helmet
rElec   .            c - +0 cloak
rCorr   .            (no gloves)
SInv    .            (no boots)
Will    .....        (no amulet)
Stlth   +++          (no ring)
HPRegen 0.26/turn    (no ring)
MPRegen 0.10/turn

%: no passive effects
@: no status effects
A: fangs 1, strong nose, distributed training
a: no special abilities


You were on level 3 of the Dungeon.
You visited 1 branch of the dungeon, and saw 3 of its levels.

You collected 146 gold pieces.

Inventory:

Hand Weapons
 a - a +2 hand axe (weapon)
 b - a +0 short sword
 i - a +0 falchion
Armour
 c - a +0 cloak (worn)
 e - a +0 robe (worn)
 f - a +0 helmet (worn)
Scrolls
 g - 4 scrolls of identify {unknown}
 h - a scroll of vulnerability {unknown}
 j - 2 scrolls of fear {unknown}
 l - a scroll of teleportation {unknown}
 m - 2 scrolls of blinking {unknown}
 n - a scroll of noise {unknown}
Potions
 d - a potion of attraction
 k - a potion of curing


   Skills:
 + Level 3.0 Fighting
 + Level 3.0 Short Blades
 + Level 1.6 Long Blades
 + Level 6.7 Axes
 + Level 1.6 Maces & Flails
 + Level 1.6 Polearms
 + Level 1.6 Staves
 + Level 1.6 Ranged Weapons
 + Level 1.6 Throwing
 + Level 3.0 Armour
 + Level 1.6 Dodging
 + Level 4.4 Stealth
 + Level 1.6 Shields
 + Level 1.6 Unarmed Combat
 + Level 1.6 Spellcasting
 + Level 1.3 Conjurations
 + Level 1.3 Hexes
 + Level 1.3 Summonings
 + Level 1.3 Necromancy
 + Level 1.3 Translocations
 + Level 1.3 Fire Magic
 + Level 1.3 Ice Magic
 + Level 1.3 Air Magic
 + Level 1.3 Earth Magic
 + Level 1.3 Alchemy
 + Level 1.8 Invocations
 + Level 4.8 Evocations
 + Level 1.4 Shapeshifting


You had 7 spell levels left.
You didn't know any spells.
Your spell library contained the following spells:

 Spells                   Type           Power      Damage    Failure   Level
 Necrotise                Necr           12%        1d4       19%         1
 Frozen Ramparts          Ice            6%         1d1       47%         3
 Vampiric Draining        Necr           3%         2d6       47%         3
 Anguish                  Hex/Necr       1%         N/A       87%         4
 Cause Fear               Hex            1%         N/A       87%         4
 Leda's Liquefaction      Alch/Erth      1%         N/A       87%         4
 Martyr's Knell           Necr/Summ      3%         N/A       87%         4
 Petrify                  Alch/Erth      3%         N/A       87%         4
 Curse of Agony           Necr           3%         N/A       99%         5
 Metabolic Englaciation   Hex/Ice        1%         N/A       99%         5
 Enfeeble                 Hex            1%         N/A       100%        7


Dungeon Overview and Level Annotations

Branches:
Dungeon (3/15)

Altars:
The Shining One


Innate Abilities, Weirdness & Mutations

You have very sharp teeth.
Your uncanny sense of smell can sniff out nearby items.
Your experience applies equally to all skills.


Message History

The orc wizard hits you with a +0 dagger.
You barely miss the orc wizard.
The orc wizard is almost dead.
The orc wizard completely misses you.
You hit the orc wizard but do no damage.
The orc wizard is almost dead.
The orc wizard hits you with a +0 dagger.
* * * LOW HITPOINT WARNING * * *
You hit the orc wizard.
You kill the orc wizard!
You hit the orc.
The orc is severely wounded.
The orc closely misses you.
You hit the orc.
You kill the orc!
A ball python comes into view.
Items here: ( ))) [ †.
Found a scroll labelled FAHUTE KOA.
An orc priest comes into view. It is wielding a +0 mace.
The orc priest shouts!
Items here: ( ))) [ †.
You see here a +0 club.
You don't know any spells.
Sorry, you're not good enough to have a special ability.
It was a potion of curing.
You feel better.
Something unseen opens the door.
Items here: ( ))) [ †.
The orc priest closely misses you.
You slash the orc priest!
The orc priest is heavily wounded.
The orc priest hits you with a +0 mace.
You barely miss the orc priest. You bite the orc priest.
The orc priest is heavily wounded.
The orc priest calls down the wrath of Beogh upon you.
Pain shoots through your body!
* * * LOW HITPOINT WARNING * * *
You hit the orc priest.
The orc priest is severely wounded.
The orc priest invokes the aid of Beogh against you.
Beogh smites you!
You die...

<..#.#.# #.##.#.#
#.##.#.# .....#.##
...#..... .....####
#.######################
#.............))........
#.####.####.####@####.#
#.# +.+ #.#?.o.'..# #.#
#.# #.#..#.#..# #.# #^#
#.#+##.#'## #.. ... ...
... . ∆ #.# #.# #.#
##.#'## #. #.# #.# #.#.o
#.# .S #.# ##.


You could see an orc priest.

Vanquished Creatures
  A hound (D:3)
  An orc wizard (D:3)
  A hound skeleton (D:2)
  3 adders
  An adder zombie (D:2)
  An adder skeleton (D:2)
  6 dart slugs
  3 orcs (D:3)
  A bat skeleton (D:2)
  6 endoplasms
  2 giant cockroaches
  2 goblins
  5 hobgoblins
  3 kobolds
  2 quokkas (D:1)
  6 ball pythons (D:1)
  A ball python skeleton (D:2)
  4 bats
  5 frilled lizards
  A giant cockroach zombie (D:2)
  5 rats
60 creatures vanquished.

Notes
Turn   | Place    | Note
-------+----------+-------------------------------------------
     0 | D:1      | zazu2006 the Gnoll Wanderer began the quest for the Orb.
     0 | D:1      | zazu2006 set off with the following items: a +2 hand axe, a
                  | +0 short sword, a +0 cloak, a potion of attraction, a +0
                  | robe.
     0 | D:1      | Reached XP level 1. HP: 17/17 MP: 1/1
   121 | D:1      | Reached XP level 2. HP: 19/23 MP: 2/2
   313 | D:1      | Reached XP level 3. HP: 25/28 MP: 3/3
   328 | D:1      | You fall into a shaft and drop 1 floor!
   516 | D:1      | Reached skill level 1 in Invocations
   987 | D:2      | Reached skill level 1 in Long Blades
   987 | D:2      | Reached skill level 1 in Maces & Flails
   987 | D:2      | Reached skill level 1 in Polearms
   987 | D:2      | Reached skill level 1 in Staves
   987 | D:2      | Reached skill level 1 in Ranged Weapons
   987 | D:2      | Reached skill level 1 in Throwing
   987 | D:2      | Reached skill level 1 in Dodging
   987 | D:2      | Reached skill level 1 in Shields
   987 | D:2      | Reached skill level 1 in Unarmed Combat
   987 | D:2      | Reached skill level 1 in Spellcasting
   989 | D:2      | HP: 1/28 [poisoned by an adder]
  1127 | D:2      | Reached skill level 1 in Shapeshifting
  1127 | D:2      | Reached XP level 4. HP: 32/34 MP: 5/5
  1381 | D:2      | Reached skill level 1 in Conjurations
  1381 | D:2      | Reached skill level 1 in Hexes
  1381 | D:2      | Reached skill level 1 in Summonings
  1381 | D:2      | Reached skill level 1 in Necromancy
  1381 | D:2      | Reached skill level 1 in Translocations
  1381 | D:2      | Reached skill level 1 in Fire Magic
  1381 | D:2      | Reached skill level 1 in Ice Magic
  1381 | D:2      | Reached skill level 1 in Air Magic
  1381 | D:2      | Reached skill level 1 in Earth Magic
  1381 | D:2      | Reached skill level 1 in Alchemy
  1786 | D:3      | Reached XP level 5. HP: 32/40 MP: 5/7
  1934 | D:3      | Found a glowing golden altar of the Shining One.
  2152 | D:3      | Killed from afar by an orc priest

Illustrated notes

Levels and vault maps discovered:
D:1:      lightli_arrival_boilingwater, layout_basic
D:2:      layout_basic, serial_undead, serial_undead_a, serial_undead_d,
          serial_undead_d, serial_undead_d, serial_undead_b, serial_undead_c,
          serial_undead_d
D:3:      minmay_door_path, layout_loops_ring, nicolae_tso_swordbearing_angel

Skill      XL: |  1  2  3  4  5 |
---------------+----------------+-----
Invocations    | 1 |  1.8
Long Blades    | 1 |  1.6
Maces & Flails | 1 |  1.6
Polearms       | 1 |  1.6
Staves         | 1 |  1.6
Ranged Weapons | 1 |  1.6
Throwing       | 1 |  1.6
Dodging        | 1 |  1.6
Shields        | 1 |  1.6
Unarmed Combat | 1 |  1.6
Spellcasting   | 1 |  1.6
Shapeshifting  | 1 |  1.4
Conjurations   | 1 |  1.3
Hexes          | 1 |  1.3
Summonings     | 1 |  1.3
Necromancy     | 1 |  1.3
Translocations | 1 |  1.3
Fire Magic     | 1 |  1.3
Ice Magic      | 1 |  1.3
Air Magic      | 1 |  1.3
Earth Magic    | 1 |  1.3
Alchemy        | 1 |  1.3
Fighting       | 3 |  3.0
Short Blades   | 3 |  3.0
Armour         | 3 |  3.0
Axes           | |  6.7
Stealth        | |  4.4
Evocations     | |  4.8

Action                     |  1- 3 |  4- 6 || total
---------------------------+-------+-------++-------
  Melee: Hand axe          |    75 |    88 ||   163
         Bite              |     6 |     9 ||    15
         Punch             |     1 |       ||     1
    Use: Potion            |       |     1 ||     1
   Stab: Sleeping          |    12 |     6 ||    18
         Distracted        |     1 |       ||     1
 Armour: Robe              |    39 |    37 ||    76
  Dodge: Dodged            |    50 |    45 ||    95

Table legend: (Time is in decaauts)
 A = Elapsed time spent in this place.
 B = Non-inter-level travel time spent in this place.
 C = Inter-level travel time spent in this place.
 D = Time resting spent in this place.
 E = Time spent auto-exploring this place.
 F = Levels seen in this place.
 G = Mean time per level.
                   A        B        C        D        E       F      G
               +--------+--------+--------+--------+--------+-----+--------+
         Total |   2149 |   2102 |     47 |      0 |   1581 |   3 |  716.3 |
       Dungeon |   2149 |   2102 |     47 |      0 |   1581 |   3 |  716.3 |
               +--------+--------+--------+--------+--------+-----+--------+

Top non-repeatable levels by time:
     D:2: 937 daAuts
     D:1: 815 daAuts
     D:3: 396 daAuts
